Map: Odyssey LE

Players

SortOf - Winner!

  • Race: Zerg Zerg
  • Spawn Location: 11:00

ILuSionClocK

  • Race: Protoss Protoss
  • Spawn Location: 5:00

Event: WCS Valencia 2017

VOD

Have the link to the VOD?

Description

Time

  • Played on: July 13, 2017, 6:25 a.m.
  • Length: 5:19

All games in this series

Show
View Real Time Build Order
Export as new Build Order

SortOf Zerg - Winner!

Build Orders: Hatch First 

Get SALT Encoding   

  12  0:00  Drone  
  13  0:12  Overlord  
  13  0:17  Drone  
  14  0:30  Drone x2  
  16  0:36  Drone  
  17  0:53  Hatchery  
  17  0:55  Drone  
  17  0:58  Drone  
  17  1:02  Extractor  
  17  1:10  Drone  
  18  1:17  Spawning Pool  
  17  1:20  Drone  
  18  1:28  Drone  
  19  1:43  Drone  
  20  1:58  Overlord  
  20  2:05  Queen  
  20  2:06  Metabolic Boost  
  22  2:11  Queen  
  22  2:15  Zergling x2  
  25  2:16  Zergling x2  
  25  2:18  Zergling x2  
  25  2:20  Zergling x2  
  28  2:24  Zergling x2  
  28  2:27  Zergling x2  
  30  2:34  Evolution Chamber  
  29  2:40  Zergling x4  
  31  2:47  Zergling x2  
  32  2:54  Overlord  
  32  2:57  Hatchery  
  31  3:00  Drone  
  31  3:05  Zergling x4  
  34  3:16  Queen  
  34  3:19  Zergling x4  
  39  3:20  Zergling x2  
  39  3:25  Zergling x4  
  41  3:32  Zergling x6  
  44  3:39  Zergling x2  
  44  3:44  Overlord  
  43  3:50  Overlord  
  43  3:52  Zergling x2  
  42  4:02  Zergling x4  
  44  4:05  Zergling x12  
  49  4:11  Drone  
  49  4:14  Queen  
  52  4:18  Drone  
  52  4:20  Drone  
  52  4:22  Drone  
  54  4:25  Drone  
  54  4:29  Drone x2  
  51  4:32  Drone  
  51  4:36  Drone  
  50  4:38  Drone  
  50  4:42  Drone x2  
  50  4:49  Spore Crawler  
  50  4:51  Drone  
  48  4:55  Drone x3  
  49  5:00  Drone  
  49  5:01  Drone x2  
Show
View Real Time Build Order
Export as new Build Order

ILuSionClocK Protoss 

Build Orders: Oracle Opening 

Get SALT Encoding   

  12  0:01  Probe (Chrono Boost)  
  13  0:11  Probe (Chrono Boost)  
  14  0:18  Pylon  
  14  0:22  Probe (Chrono Boost)  
  15  0:36  Probe (Chrono Boost)  
  15  0:40  Gateway  
  16  0:47  Probe (Chrono Boost)  
  16  0:49  Assimilator  
  17  0:58  Probe (Chrono Boost)  
  18  1:08  Probe (Chrono Boost)  
  19  1:19  Probe (Chrono Boost)  
  20  1:29  Probe (Chrono Boost)  
  20  1:30  Cybernetics Core  
  21  1:36  Assimilator  
  22  1:40  Probe (Chrono Boost)  
  22  1:50  Pylon  
  22  1:53  Probe (Chrono Boost)  
  24  2:09  Mothership Core (Chrono Boost)  
  24  2:11  Pylon  
  24  2:13  Pylon  
  25  2:17  Pylon  
  25  2:22  Adept  
  27  2:24  Warp Gate  
  27  2:28  Probe (Chrono Boost)  
  28  2:39  Probe (Chrono Boost)  
  29  2:45  Nexus  
  29  2:50  Probe (Chrono Boost)  
  30  3:00  Probe (Chrono Boost)  
  31  3:06  Stargate  
  31  3:14  Pylon  
  31  3:32  Adept (Chrono Boost)  
  31  3:33  Probe (Chrono Boost)  
  34  3:44  Probe, Gateway  
  34  3:45  Pylon  
  33  3:51  Oracle (Chrono Boost)  
  36  3:56  Probe  
  36  3:57  Pylon  
  21  4:50  Adept  
  21  4:51  Probe  
  19  4:59  Adept  
  21  5:01  Probe  
Tags
 
Add a new tag
Caveats
  • Supply blocks, unpowered buildings, or Contaminate may cause inaccurate times.
  • Supply counts are checked every 10 seconds.